Map: Oxide LE

Players

INnoVation

  • Race: Terran Terran
  • Spawn Location: 1:00

Dark - Winner!

  • Race: Zerg Zerg
  • Spawn Location: 7:00

Event: IEM Katowice 2021

VOD

Have the link to the VOD?

Description

Time

  • Played on: Feb. 23, 2021, 10:32 a.m.
  • Length: 9:28

All games in this series

Show
View Real Time Build Order
Export as new Build Order

INnoVation Terran 

Build Orders: Reaper Expand, Hellion Banshee 

Get SALT Encoding   

  12  0:00  SCV  
  13  0:12  SCV  
  14  0:17  Supply Depot  
  14  0:24  SCV  
  15  0:38  SCV  
  15  0:40  Barracks  
  16  0:43  Refinery  
  16  0:50  SCV  
  17  1:02  SCV  
  18  1:14  SCV  
  19  1:27  Reaper, Orbital Command  
  20  1:39  Command Center  
  20  1:48  Supply Depot  
  20  1:52  SCV  
  21  1:59  Marine  
  22  2:04  SCV  
  23  2:13  Factory  
  23  2:17  SCV  
  23  2:20  Barracks Reactor  
  24  2:29  SCV  
  25  2:39  Command Center  
  25  2:41  SCV  
  26  2:51  Orbital Command  
  26  2:53  SCV  
  27  3:00  Starport  
  27  3:05  SCV, Refinery  
  28  3:09  Hellion  
  30  3:13  Hellion  
  30  3:17  SCV  
  30  3:18  SCV  
  30  3:19  Barracks Tech Lab  
  34  3:29  SCV  
  34  3:30  SCV  
  34  3:33  Hellion  
  38  3:35  Hellion  
  40  3:41  SCV  
  40  3:42  SCV  
  40  3:43  Banshee  
  40  3:44  Marine  
  46  3:51  Orbital Command  
  46  3:53  SCV  
  46  3:54  SCV  
  46  3:55  Cloaking Field  
  48  4:00  Hellion  
  48  4:02  Hellion  
  51  4:04  Barracks Tech Lab  
  51  4:08  SCV x2  
  53  4:13  Supply Depot  
  53  4:18  SCV  
  53  4:20  SCV x2  
  53  4:22  Hellion  
  53  4:23  Hellion  
  60  4:32  SCV  
  60  4:34  Banshee  
  60  4:35  SCV x2  
  60  4:37  Supply Depot  
  66  4:40  Stimpack  
  66  4:41  Orbital Command  
  66  4:47  SCV x2  
  68  4:53  Barracks, Factory Reactor  
  68  4:55  Barracks, Engineering Bay  
  68  4:57  Engineering Bay  
  68  4:59  SCV x2  
  70  5:00  Supply Depot  
  70  5:01  Refinery  
  70  5:04  Refinery  
  70  5:09  SCV  
  70  5:11  SCV x2  
  70  5:14  Marine  
  74  5:21  SCV  
  74  5:23  SCV x2, Supply Depot  
  74  5:27  Starport Reactor, Terran Infantry Weapons Level 1  
  77  5:32  Terran Infantry Armor Level 1  
  77  5:34  SCV, Marine  
  77  5:35  SCV x2  
  81  5:43  Barracks  
  81  5:46  SCV, Barracks  
  81  5:47  SCV x2, Supply Depot, Marine x2  
  81  5:49  Supply Depot  
  86  5:50  Supply Depot, Marine x2  
  86  5:51  Marine, Siege Tank  
  92  5:59  SCV  
  93  6:08  Supply Depot  
  93  6:09  Medivac x2, SCV x2, Marine x2  
  93  6:11  Marine x3  
  104  6:13  Supply Depot  
  104  6:14  SCV  
  105  6:19  Combat Shield  
  105  6:21  SCV x2  
  107  6:26  SCV  
  107  6:29  Marine x4  
  107  6:30  Supply Depot  
  107  6:31  Siege Tank  
  116  6:33  SCV x2, Barracks Reactor  
  116  6:34  Marine x2  
  116  6:39  SCV  
  114  6:45  SCV x2  
  114  6:46  Armory  
  116  6:50  Marine x3  
  116  6:51  SCV, Marine  
  116  6:52  Marine, Barracks Reactor  
  122  6:57  SCV x2  
  122  6:58  Supply Depot  
  122  6:59  Medivac x2  
  122  7:00  Supply Depot  
  128  7:03  Refinery  
  128  7:04  Refinery  
  128  7:08  Marine  
  129  7:10  SCV  
  129  7:11  SCV x2  
  129  7:12  Missile Turret x2  
  129  7:14  Siege Tank  
  135  7:17  Marine  
  135  7:18  Marine x2  
  135  7:23  Marine x2  
  135  7:24  SCV  
  135  7:25  SCV x2  
  135  7:28  Missile Turret  
  137  7:30  Marine  
  137  7:31  Marine  
  137  7:32  Marine x2  
  137  7:35  Marine  
  139  7:38  Marine x2  
  139  7:40  Marine  
  139  7:41  Marine  
  139  7:42  SCV  
  139  7:43  SCV x2  
  135  7:48  Marine, Siege Tank  
  134  7:58  Marine x2  
  135  8:05  Marine x4  
  137  8:07  Medivac  
  142  8:13  Medivac  
  142  8:14  Marine x3, Supply Depot  
  142  8:15  Marine, Supply Depot  
  148  8:24  Siege Tank  
  151  8:27  Marine  
  151  8:32  SCV x3  
  151  8:34  Supply Depot x3  
  155  8:35  Marine x4  
  155  8:37  Marine  
  155  8:38  Marine x3  
  161  8:45  SCV x3, Marine  
  159  8:52  Marine  
  159  8:53  Marine x3  
  159  8:55  Marine x4  
  127  9:03  Marine  
  112  9:10  Marine  
Show
View Real Time Build Order
Export as new Build Order

Dark Zerg - Winner!

Build Orders: Hatch First, Muta Ling Bane 

Get SALT Encoding   

  12  0:00  Drone  
  13  0:11  Overlord  
  13  0:16  Drone  
  14  0:29  Drone  
  14  0:30  Drone  
  16  0:46  Hatchery  
  16  0:49  Drone  
  16  0:53  Drone  
  16  0:56  Drone  
  18  1:07  Extractor  
  17  1:11  Spawning Pool  
  17  1:15  Drone  
  17  1:18  Drone  
  18  1:27  Drone  
  19  1:39  Drone  
  20  1:48  Drone  
  21  1:58  Queen x2  
  21  1:59  Zergling x4  
  27  2:09  Overlord  
  27  2:11  Drone  
  28  2:19  Hatchery  
  28  2:21  Drone  
  28  2:30  Drone  
  29  2:37  Queen  
  29  2:40  Metabolic Boost  
  29  2:41  Drone  
  29  2:43  Drone  
  33  2:48  Overlord  
  33  2:51  Drone  
  33  2:52  Drone  
  33  2:53  Drone  
  36  3:03  Overlord  
  36  3:06  Drone  
  36  3:07  Drone  
  36  3:08  Drone x2  
  40  3:14  Drone, Queen  
  40  3:18  Drone  
  44  3:30  Drone x2, Queen  
  44  3:34  Overlord  
  48  3:35  Drone  
  48  3:40  Drone x2  
  48  3:41  Drone x3  
  53  3:45  Extractor  
  53  3:49  Drone x3  
  53  3:51  Queen  
  58  3:56  Zergling x2  
  58  3:57  Zergling x2  
  60  4:03  Drone  
  60  4:05  Lair  
  60  4:06  Overlord, Drone  
  60  4:08  Drone  
  63  4:11  Extractor x2, Drone  
  63  4:15  Queen  
  64  4:19  Drone x2  
  64  4:22  Baneling Nest  
  64  4:24  Drone  
  66  4:27  Spore Crawler  
  66  4:29  Drone x4  
  69  4:34  Drone  
  69  4:35  Zergling x4  
  72  4:39  Drone x2  
  72  4:40  Overlord  
  72  4:42  Overlord  
  74  4:48  Overlord, Spore Crawler  
  74  4:49  Drone  
  74  4:51  Overlord  
  74  4:54  Overlord  
  74  4:58  Drone x2  
  74  4:59  Zergling x2, Drone  
  77  5:05  Spire  
  77  5:06  Overseer  
  76  5:08  Drone  
  76  5:10  Drone x2  
  76  5:11  Drone  
  80  5:15  Drone x2  
  80  5:17  Drone  
  83  5:22  Drone x2  
  83  5:26  Drone x4  
  83  5:28  Extractor  
  88  5:31  Extractor, Centrifical Hooks  
  88  5:34  Drone  
  88  5:38  Drone x3  
  91  5:43  Zergling x4  
  91  5:44  Zergling x6  
  91  5:48  Hatchery  
  95  6:03  Drone  
  96  6:04  Hatchery, Baneling x4  
  96  6:05  Drone  
  96  6:06  Drone  
  96  6:11  Evolution Chamber x2  
  95  6:15  Overlord  
  94  6:23  Mutalisk x7  
  108  6:29  Mutalisk  
  110  6:36  Mutalisk  
  110  6:41  Zergling x16  
  110  6:46  Zerg Flyer Weapons Level 1  
  118  6:48  Overlord  
  118  6:49  Zergling x6  
  118  6:53  Overlord x2  
  121  6:56  Zerg Melee Weapons Level 1  
  121  6:57  Zerg Ground Armor Level 1  
  121  7:05  Baneling x2  
  121  7:06  Baneling x6  
  118  7:08  Drone x3  
  118  7:10  Drone x2  
  118  7:12  Drone x3  
  118  7:14  Spore Crawler  
  124  7:19  Drone  
  126  7:30  Zergling x16  
  126  7:31  Drone x3  
  136  7:40  Zergling x16  
  142  7:51  Mutalisk x3  
  142  7:53  Overlord x3  
  142  7:54  Overlord  
  142  7:55  Overlord  
  142  7:57  Overlord  
  148  8:02  Baneling x6  
  148  8:05  Baneling x2  
  148  8:12  Mutalisk x6, Overlord x2  
  148  8:14  Zergling x14  
  148  8:19  Zergling x4  
  169  8:22  Zergling x2  
  169  8:23  Zergling x4  
  169  8:25  Baneling  
  169  8:26  Baneling x7  
  173  8:27  Zergling x14  
  179  8:34  Baneling  
  179  8:35  Baneling x5  
  179  8:37  Zergling x14  
  185  8:51  Zergling x18  
  185  8:55  Zergling x14  
  191  9:00  Zergling x10  
  191  9:02  Baneling x10  
  151  9:24  Hatchery  

Tags
 
Add a new tag
Caveats
  • Supply blocks, unpowered buildings, or Contaminate may cause inaccurate times.
  • Supply counts are checked every 10 seconds.